 Dungeon Crawl Stone Soup version 0.30-a0-142-g7370640ec8 (webtiles) character file.

Game seed: 17212145798027293235

70 qw the Chopper (level 4, -1/28 HPs)
             Began as a Gargoyle Fighter on Sept 26, 2022.
             Slain by Natasha (10 damage)
             ... on level 2 of the Dungeon.
             The game lasted 00:00:23 (990 turns).

qw the Chopper (Gargoyle Fighter)                    Turns: 990, Time: 00:00:23

Health: -1/28      AC: 11    Str: 22    XL:     4   Next: 21%
Magic:  4/4        EV:  9    Int:  8    God:
Gold:   50         SH:  4    Dex:  9    Spells: 3/3 levels left

rFire   . . .      SeeInvis .    Y - +0 war axe
rCold   . . .      Faith    .    c - +0 buckler
rNeg    + . .      Spirit   .    b - +0 scale mail
rPois   inf        Reflect  .    (no helmet)
rElec   +          Harm     .    (no cloak)
rCorr   .          Rampage  .    e - +0 pair of gloves
Will    .....                    (no boots)
Stlth   ..........               (no amulet)
HPRegen 0.09/turn                (no ring)
MPRegen 0.09/turn                (no ring)

@: no status effects
A: sickness immunity, AC +3, negative energy resistance 1, electricity
resistance, torment resistance 1, petrification resistance
a: no special abilities


You were on level 2 of the Dungeon.
You visited 1 branch of the dungeon, and saw 2 of its levels.

You collected 50 gold pieces.


Innate Abilities, Weirdness & Mutations

You are immune to sickness and miasma.
Your stone body is resilient. (AC +3)
You are immune to poison.
You resist negative energy. (rN+)
You are resistant to electric shocks. (rElec)
You are resistant to unholy torment.
You are immune to petrification.


   Skills:
 - Level 3.2 Fighting
 + Level 4.0 Axes
 - Level 3.2 Armour
 - Level 3.2 Shields


You had 3 spell levels left.
You didn't know any spells.
Your spell library was empty.

Inventory:

Hand Weapons
 i - a +0 whip
 Y - a +0 war axe (weapon)
Armour
 b - a +0 scale mail (worn)
 c - a +0 buckler (worn)
 e - a +0 pair of gloves (worn)
Scrolls
 a - a scroll of identify
Potions
 d - a potion of might
 f - a potion of curing {unknown}

Dungeon Overview and Level Annotations

Branches:
Dungeon (2/15)

Altars:

Annotations:
D:2 Natasha


Message History

Natasha glows brightly for a moment.
The gnoll hits you but does no damage. The gnoll hits you with a +0 spear.
Things that are here:
a +0 spear; a gnoll corpse You hit the gnoll.
The gnoll is moderately wounded.
The gnoll hits you but does no damage.
You slash the gnoll!
You kill the gnoll!
The gnoll hits you with a +0 flail.
You have reached level 4!
You feel stronger.
You hit the gnoll.
The gnoll is moderately wounded.
The gnoll hits you but does no damage.
Natasha drinks a potion.
Natasha seems to grow stronger.
You barely miss the gnoll.
The gnoll is moderately wounded.
The gnoll hits you but does no damage.
You slash the gnoll!
The gnoll is almost dead.
The gnoll hits you but does no damage. The gnoll barely misses you.
You hit the gnoll.
You kill the gnoll!
Your Axes skill increases to level 4!
You barely miss Natasha. Natasha claws you.
Natasha mumbles some strange words.
Natasha shimmers violently.
Natasha claws you but does no damage.
You closely miss Natasha.
Natasha stares at you and mumbles some strange words.
The magic dart hits you.
You closely miss Natasha. Natasha barely misses you.
You closely miss Natasha.
Natasha mumbles some strange words.
You feel troubled. Natasha claws you. Natasha claws you!
You die...

#.# #.# #.#
#.# . #.# ..P
#.#
....:#######
#.#
#...h@)..###.#
#..#####%..<.#
# #..#### #..#
#..# #..# #..#
#..# ....


You could see Natasha (strong).

Vanquished Creatures
  5 gnolls
  2 giant cockroaches (D:1)
  4 goblins (D:1)
  A quokka (D:1)
  2 ball pythons (D:1)
  2 bats (D:1)
  2 frilled lizards (D:1)
  A kobold (D:1)
  6 rats
25 creatures vanquished.

Vanquished Creatures (others)
  5 plants
5 creatures vanquished.

Grand Total: 30 creatures vanquished

Notes
Turn   | Place    | Note
-------+----------+-------------------------------------------
     0 | D:1      | qw the Gargoyle Fighter began the quest for the Orb.
     0 | D:1      | Reached XP level 1. HP: 14/14 MP: 1/1
     0 | D:1      | 0 ||| qw: Version: 0.2-a-10-g399e6c4
     0 | D:1      | 0 ||| qw: Game counter: 450
     0 | D:1      | 0 ||| qw: Always use a shield: true
     0 | D:1      | 0 ||| qw: God list: Okawaru
     0 | D:1      | 0 ||| qw: Allow faded altars: false
     0 | D:1      | 0 ||| qw: Do Orc after D:15 true
     0 | D:1      | 0 ||| qw: Do second Lair branch before Depths: true
     0 | D:1      | 0 ||| qw: Lair rune preference: random
     0 | D:1      | 0 ||| qw: Plans: Normal, Zot:1-4, God:TSO, Crypt, Tomb,
                  | Pan, Slime:5, Hells, Abyss, Orb
     0 | D:1      | 0 ||| PLANNING D:1-11
   134 | D:1      | Reached skill level 2 in Axes
   159 | D:1      | 159 ||| Stepping ~*~*~tactically~*~*~ (stealth).
   260 | D:1      | Reached XP level 2. HP: 19/19 MP: 2/2
   373 | D:1      | HP: 4/19 [gnoll/+0 whip (1)]
   378 | D:1      | Reached skill level 3 in Axes
   639 | D:1      | 639 ||| DROPPING +0 club.
   755 | D:1      | Reached XP level 3. HP: 23/23 MP: 3/3
   937 | D:1      | 937 ||| UPGRADING to +0 pair of gloves.
   942 | D:1      | 942 ||| READING 2 scrolls labelled EMUNUQ BUWURU.
   943 | D:1      | 943 ||| READING 2 scrolls labelled WYSSEZX YTAVINUNG.
   944 | D:1      | 944 ||| DROPPING scroll of blinking.
   968 | D:2      | Noticed Natasha
   969 | D:2      | 969 ||| Stepping ~*~*~tactically~*~*~ (hiding).
   971 | D:2      | 971 ||| Stepping ~*~*~tactically~*~*~ (hiding).
   983 | D:2      | Reached XP level 4. HP: 14/28 MP: 4/4
   987 | D:2      | Reached skill level 4 in Axes
   990 | D:2      | Slain by Natasha

Levels and vault maps discovered:
D:1:      amcnicky_arrival_flooded_fountain, layout_basic, serial_forest,
          infiniplex_forest_end_2, infiniplex_forest_straight_3,
          infiniplex_forest_clump_tiny, infiniplex_forest_clump_small,
          infiniplex_forest_lined_1, infiniplex_forest_lined_2,
          infiniplex_forest_clump_diagonal, infiniplex_forest_clump_diagonal,
          minmay_tripent
D:2:      layout_loops_ring, serial_shops, shop,
          hellmonk_ecumenical_altar_dog_temple, nicolae_grassy_gnolls,
          uniq_robin, uniq_natasha

Skill      XL: |  1  2  3  4 |
---------------+-------------+-----
Axes           | 2 3 4 |  4.0
Fighting       | |  3.2
Armour         | |  3.2
Shields        | |  3.2

Action                   |  1- 3 |  4- 6 || total
-------------------------+-------+-------++-------
Melee: War axe           |    62 |     8 ||    70
  Use: Scroll            |     2 |       ||     2
Armor: Scale mail        |    23 |     4 ||    27
Dodge: Dodged            |    24 |     2 ||    26
Block: Buckler           |    14 |       ||    14

Table legend:
 A = Non-vault XP
 B = Vault XP
 C = Vault XP percentage of total XP
 D = Non-vault monster count
 E = Vault monster count
 F = Vault count percentage of total count
                 A         B        C        D         E       F
            +---------+---------+-------+---------+---------+-------
      Total |      39 |      61 |  61.0 |      19 |       6 |  24.0
            +---------+---------+-------+---------+---------+-------
        D:1 |      38 |       3 |   7.3 |      18 |       2 |  10.0
        D:2 |       1 |      58 |  98.3 |       1 |       4 |  80.0
            +---------+---------+-------+---------+---------+-------
